 Dungeon Crawl Stone Soup version 0.30.1-5-ged363bc7ee (webtiles) character file.

Game seed: 10596243890551206555

203 safid the Chiller (level 5, -3/41 HPs)
             Began as a Merfolk Ice Elementalist on Sept 19, 2023.
             Slain by an orc warrior
             ... wielding a +0 morningstar
              (9 damage)
             ... on level 4 of the Dungeon.
             The game lasted 00:06:24 (2867 turns).

safid the Chiller (Merfolk Ice Elementalist)        Turns: 2867, Time: 00:06:25

Health: -3/41      AC: 13    Str:  8    XL:     5   Next: 81%
Magic:  8/10       EV: 12    Int: 22    God:
Gold:   152        SH:  0    Dex: 15    Spells: 3/10 levels left

rFire   . . .        q - +1 dagger (speed)
rCold   . . .        (no shield)
rNeg    . . .        a - +0 robe
rPois   .            k - +0 helmet
rElec   .            n - +2 cloak {rCorr}
rCorr   +            (no gloves)
SInv    .            (no boots)
Will    .....        (no amulet)
Stlth   +            o - +6 ring of intelligence
HPRegen 0.26/turn    (no ring)
MPRegen 0.12/turn

%: no passive effects
@: confused, ice-armoured, ambrosia-drunk, hasted, very quick
A: (nimble swimmer 2), mertail
a: no special abilities


You were on level 4 of the Dungeon.
You visited 1 branch of the dungeon, and saw 4 of its levels.

You collected 152 gold pieces.

Inventory:

Hand Weapons
 q - a +1 dagger of speed (weapon)
Armour
 a - a +0 robe (worn)
 k - a +0 helmet (worn)
 n - a +2 cloak of preservation (worn)
Jewellery
 o - a +6 ring of intelligence (left hand)
Scrolls
 c - a scroll of silence {unknown}
 d - a scroll of magic mapping {unknown}
 e - a scroll of immolation {unknown}
 g - 2 scrolls of vulnerability {unknown}
 h - a scroll of amnesia {unknown}
 i - a scroll of fog {unknown}
 l - a scroll of brand weapon {unknown}
 m - a scroll of identify {unknown}
 r - a scroll of fear {unknown}
Potions
 b - a potion of magic
 f - a potion of haste
 p - a potion of curing {unknown}


   Skills:
 + Level 3.2 Fighting
 - Level 2.6 Dodging
 - Level 2.1 Stealth
 + Level 3.4 Spellcasting
 + Level 5.6 Ice Magic


You had 3 spell levels left.
You knew the following spells:

 Your Spells              Type           Power      Damage    Failure   Level
a - Freeze                Ice            100%       1d10      1%          1
b - Frozen Ramparts       Ice            56%        1d9       3%          3
c - Ozocubu's Armour      Ice            28%        N/A       3%          3

Your spell library contained the following spells:

 Spells                   Type           Power      Damage    Failure   Level
 Inner Flame              Hex/Fire       3%         N/A       34%         3
 Tukima's Dance           Hex            3%         N/A       34%         3
 Summon Ice Beast         Ice/Summ       16%        N/A       36%         4
 Flame Wave               Conj/Fire      3%         2d5       75%         4
 Passage of Golubria      Tloc           3%         N/A       75%         4
 Sticky Flame             Conj/Fire      3%         2d3       75%         4
 Yara's Violent Unravell  Hex/Tmut       1%         3d3       97%         5
 Enfeeble                 Hex            1%         N/A       100%        7


Dungeon Overview and Level Annotations

Branches:
Dungeon (4/15)
 Temple: D:4-7

Altars:
Ashenzari
Cheibriados
Dithmenos

Shops:
D:2 !=(!


Innate Abilities, Weirdness & Mutations

((You are very nimble when in or above water. (Stealth+, EV+, Speed+++)))
Your lower body shifts to a powerful aquatic tail in water.


Message History

The giant cockroach barely misses you.
Your icy armour will break if you move.
Continue?
You hit the orc warrior but do no damage.
The orc warrior is severely wounded.
Your icy armour will break if you move.
Continue?
You miss the orc warrior.
The orc warrior is severely wounded.
The orc warrior barely misses you. The giant cockroach barely misses you.
Your icy armour will break if you move.
Continue?
You closely miss the giant cockroach.
Your icy armour will break if you move.
Continue?
You hit the orc warrior but do no damage.
The orc warrior is severely wounded.
The giant cockroach misses you.
The orc warrior hits you with a +0 morningstar.
Your icy armour will break if you move.
Continue?
You hit the orc warrior but do no damage.
The orc warrior is severely wounded.
The giant cockroach closely misses you.
Your icy armour will break if you move.
Continue?
You bump into the rock wall.
The orc warrior hits you with a +0 morningstar.
Your icy armour will break if you move.
Continue?
You hit the orc warrior but do no damage.
The orc warrior is severely wounded.
The giant cockroach misses you.
Your icy armour will break if you move.
Continue?
You bump into the rock wall.
The orc warrior closely misses you.
The giant cockroach bites you but does no damage.
Your icy armour will break if you move.
Continue?
You bump into the rock wall.
The orc warrior hits you with a +0 morningstar!
* * * LOW HITPOINT WARNING * * *
Your icy armour will break if you move.
Continue?
You bump into the rock wall.
The giant cockroach closely misses you.
It was a potion of ambrosia.
You are more confused.
You feel invigorated.
The orc warrior hits you with a +0 morningstar!
You die...

###.###.#
#.####....#
..).###.#
#.####....#
##......#
#.......###
##.##############.#
##.†........ ##.#
..#########.. #..#
..# .. #.## ..#
#[#o# ..# #{B@# ..#
#.### ... #.. ....
#. ...## #+


You could see an orc warrior and a giant cockroach.

Vanquished Creatures
  2 hounds
  Crazy Yiuf (D:2)
  Robin (D:3)
  An adder (D:4)
  5 dart slugs
  2 orcs (D:4)
  8 bats
  5 endoplasms
  2 giant cockroaches
  15 goblins
  9 hobgoblins
  4 jackals (D:1)
  6 kobolds
  2 quokkas
  10 ball pythons
  4 frilled lizards
  5 rats
82 creatures vanquished.

Notes
Turn   | Place    | Note
-------+----------+-------------------------------------------
     0 | D:1      | safid the Merfolk Ice Elementalist began the quest for the
                  | Orb.
     0 | D:1      | Reached XP level 1. HP: 13/13 MP: 3/3
     3 | D:1      | Noticed an electric eel
     4 | D:1      | Noticed an electric eel
   173 | D:1      | Reached XP level 2. HP: 20/20 MP: 3/5
   177 | D:1      | Reached skill level 1 in Fighting
   457 | D:1      | Reached XP level 3. HP: 26/26 MP: 0/6
  1028 | D:2      | Learned a level 3 spell: Frozen Ramparts
  1032 | D:2      | Learned a level 3 spell: Ozocubu's Armour
  1199 | D:2      | Found Qabb's Distillery.
  1272 | D:2      | Found Ascheputeu's Jewellery Boutique.
  1344 | D:2      | Reached skill level 5 in Ice Magic
  1344 | D:2      | Reached XP level 4. HP: 24/33 MP: 2/8
  1429 | D:2      | Found Joexony's Antique Weapon Shop.
  1441 | D:2      | Found a runed translucent door.
  1442 | D:2      | Noticed Crazy Yiuf
  1512 | D:2      | Found Jureng's Distillery.
  1665 | D:2      | Killed Crazy Yiuf
  1675 | D:2      | Identified the +2 hammer "Cetaisk" {flame, *Rage rF+ rCorr}
  1756 | D:3      | Found a broken altar of Ashenzari.
  1785 | D:3      | Reached XP level 5. HP: 38/39 MP: 9/9
  2243 | D:3      | Found a shadowy altar of Dithmenos.
  2244 | D:3      | Found a snail-covered altar of Cheibriados.
  2628 | D:3      | Noticed Robin
  2638 | D:3      | Killed Robin
  2837 | D:4      | Noticed an orc warrior
  2865 | D:4      | HP: 2/41 [orc warrior/+0 morningstar (15)]
  2867 | D:4      | Slain by an orc warrior

Illustrated notes

Levels and vault maps discovered:
D:1:      arrival_aquarium_b, layout_basic, shapermc_ecumenical_altar_petra
D:2:      minmay_evil_eye, layout_basic, serial_shops, nicolae_diamond_shop,
          nicolae_shop_back_alley_shop, shop, nicolae_shop_gaudy_bauble,
          kennysheep_generic_room_9, uniq_crazy_yiuf_cottage
D:3:      layout_loops_ring, mainiacjoe_overflow_divided_tiny,
          ashenzari_altar_1, kennysheep_small_spiral, uniq_robin
D:4:      kennysheep_the_goblin_king, layout_basic,
          minmay_temple_entry_poolview, grunt_decor_clamped

Skill      XL: |  1  2  3  4  5 |
---------------+----------------+-----
Fighting       | 1 2 3 |  3.2
Ice Magic      | 5 |  5.6
Spellcasting   | 3 |  3.4
Dodging        | |  2.6
Stealth        | |  2.1

Action                     |  1- 3 |  4- 6 || total
---------------------------+-------+-------++-------
  Melee: Unarmed           |     4 |       ||     4
         Quarterstaff      |    23 |       ||    23
         Dagger            |     6 |    87 ||    93
         Mace              |       |    13 ||    13
   Cast: Freeze            |    54 |     1 ||    55
         Ozocubu's Armour  |       |     4 ||     4
         Frozen Ramparts   |       |     3 ||     3
    Use: Potion            |       |     2 ||     2
   Stab: Sleeping          |     3 |     2 ||     5
 Armour: Robe              |     9 |    30 ||    39
  Dodge: Dodged            |    50 |    65 ||   115
